 Dungeon Crawl Stone Soup version 0.31-a0-145-g046c7d2549 (console) character file.

Game seed: 7463453310403403216

48977 Ignak the Fighter (level 14, 0/154 HPs)
             Began as an Ogre Hedge Wizard on June 6, 2023.
             Was the Champion of Okawaru.
             Slain by a blink frog (11 damage)
             ... on level 3 of the Lair of Beasts.
             The game lasted 01:15:07 (22519 turns).

Ignak the Fighter (Ogre Hedge Wizard)              Turns: 22519, Time: 01:15:09

Health: 0/154      AC: 10    Str: 19    XL:     14   Next: 48%
Magic:  6/27       EV: 12    Int: 17    God:    Okawaru [******]
Gold:   1184       SH:  0    Dex: 13    Spells: 12/31 levels left

rFire   . . .        O - +4 great mace
rCold   + . .        (shield currently unavailable)
rNeg    . . .        l - +0 troll leather armour
rPois   .            (helmet restricted)
rElec   .            o - +0 cloak of Submission {Contam Fly Dex+3}
rCorr   .            (gloves unavailable)
SInv    .            (boots unavailable)
Will    +....        B - amulet of regeneration
Stlth   ++           L - +4 ring of protection
HPRegen 2.05/turn    p - ring "Jerude" {Wiz rC+}
MPRegen 0.20/turn

%: wizardry (x1)
@: on blink cooldown, flying
A: large, unfitting armour, tough skin 1, talons 1, thin skeletal structure 1
a: Renounce Religion, Heroism, Finesse, Duel


You were on level 3 of the Lair of Beasts.
You worshipped Okawaru.
Okawaru was exalted by your worship.
You visited 4 branches of the dungeon, and saw 17 of its levels.

You collected 2327 gold pieces.
You spent 1143 gold pieces at shops.

Inventory:

Hand Weapons
 a - a +1 heavy flail
 b - the +1 flail "Weeh" {holy, +Blink rC++ Int-2 SInv}
   (You took it off a goblin on level 2 of the Dungeon)

   Int:       It affects your intelligence (-2).
   rC:        It greatly protects you from cold.
   SInv:      It lets you see invisible.
   +Blink:    It lets you blink.
 s - a +2 hammer of draining
 M - a +0 giant spiked club
 N - a +2 dire flail of holy wrath
 O - a +4 great mace (weapon)
Missiles
 g - 21 poisoned darts
 t - 15 large rocks (quivered)
 G - 2 throwing nets
Armour
 l - a +0 troll leather armour (worn)
 o - the +0 cloak of Submission (worn) {Contam Fly Dex+3}
   (You acquired it on level 3 of the Dungeon)

   Dex:       It affects your dexterity (+3).
   Fly:       It grants you flight.
   Contam:    It causes magical contamination when unequipped.
 x - an orb of energy
 C - a +2 robe of fire resistance
 H - a +2 robe of cold resistance
 P - a +0 kite shield
Magical Staves
 z - a staff of fire
Jewellery
 p - the ring "Jerude" (right hand) {Wiz rC+}
   (You bought it in a shop on level 2 of the Orcish Mines)

   [ring of wizardry]

   It improves your spell success rate.
   rC:        It protects you from cold.
 w - a ring of see invisible
 B - an amulet of regeneration (around neck)
 L - a +4 ring of protection (left hand)
 R - a ring of protection from cold
 U - a ring of magical power
Wands
 m - a wand of flame (53)
 F - a wand of digging (12)
 T - a wand of roots (7)
Scrolls
 e - 7 scrolls of teleportation
 j - 2 scrolls of blinking
 k - 2 scrolls of vulnerability
 n - 2 scrolls of enchant weapon {unknown}
 u - a scroll of amnesia
 v - a scroll of poison
 y - 2 scrolls of brand weapon {unknown}
 D - 2 scrolls of magic mapping {unknown}
 E - a scroll of silence
 K - a scroll of fog
Potions
 d - 6 potions of magic
 f - a potion of mutation
 h - 3 potions of enlightenment
 i - a potion of brilliance
 q - a potion of resistance
 r - 2 potions of cancellation
 A - 4 potions of lignification
 I - a potion of degeneration {unknown}
 J - 5 potions of curing
 Q - a potion of might {unknown}
 S - a potion of berserk rage {unknown}
Miscellaneous
 c - a lightning rod (3/4)


   Skills:
 * Level 13.9 Fighting
 * Level 10.0 Maces & Flails
 + Level 3.6 Armour
 + Level 7.2 Dodging
 - Level 1.4 Stealth
 * Level 1.1 Shields
 - Level 1.0 Unarmed Combat
 + Level 9.0 Spellcasting
 + Level 6.2 Conjurations
 - Level 6.0 Hexes
 - Level 0.8 Summonings
 - Level 6.0 Necromancy
 - Level 3.0 Translocations
 * Level 5.8 Fire Magic
 - Level 2.0 Air Magic
 - Level 4.0 Earth Magic
 - Level 2.0 Poison Magic
 + Level 7.1 Invocations


You had 12 spell levels left.
You knew the following spells:

 Your Spells              Type           Power      Damage    Failure   Level
a - Magic Dart            Conj           100%       1d8       1%          1
b - Blink                 Tloc           34%        N/A       1%          2
c - Sticky Flame          Conj/Fire      28%        2d5       3%          4
d - Mephitic Cloud        Conj/Pois/Air  19%        N/A       3%          3
e - Anguish               Hex/Necr       14%        N/A       3%          4
f - Stone Arrow           Conj/Erth      50%        3d10      1%          3
t - Passwall              Tmut/Erth      11%        N/A       2%          2

Your spell library contained the following spells:

 Spells                   Type           Power      Damage    Failure   Level
 Sandblast                Erth           42%        2d11      1%          1
 Slow                     Hex            100%       N/A       1%          1
 Cigotuvi's Dreadful Rot  Necr/Pois/Air  38%        N/A       1%          2
 Ensorcelled Hibernation  Hex/Ice        34%        N/A       1%          2
 Sublimation of Blood     Necr           28%        N/A       1%          2
 Ignite Poison            Fire/Tmut/Pois 16%        N/A       4%          3
 Spider Form              Tmut/Pois      11%        N/A       9%          3
 Borgnjor's Vile Clutch   Necr/Erth      12%        N/A       16%         5
 Petrify                  Tmut/Erth      14%        N/A       19%         4
 Irradiate                Conj/Tmut      9%         3d14      32%         5
 Alistair's Intoxication  Tmut/Pois      7%         N/A       58%         5
 Eringya's Noxious Bog    Tmut/Pois      5%         N/A       98%         6
 Ignition                 Fire           13%        3d6       100%        8
 Summon Small Mammal      Summ           Unusable   N/A       N/A         1
 Summon Guardian Golem    Hex/Summ       Unusable   N/A       N/A         3
 Call Imp                 Summ           Unusable   N/A       N/A         2
 Call Canine Familiar     Summ           Unusable   N/A       N/A         3

Dungeon Overview and Level Annotations

Branches:
Dungeon (11/15)            Temple (1/1) D:5            Lair (3/5) D:8
 Shoals (0/4) Lair:2       Spider (0/4) Lair:2          Orc (2/2) D:11
    Elf (0/3) Orc:2

Altars:
Ashenzari
Cheibriados
Dithmenos
Elyvilon
Fedhas
Gozag
Hepliaklqana
Kikubaaqudgha
Makhleb
Nemelex Xobeh
Okawaru
Qazlal
Ru
Sif Muna
Trog
Uskayaw
Vehumet
Wu Jian
Xom
Yredelemnul
Zin
The Shining One

Shops:
D:1 [   D:3 ?   D:6 (:   D:11 *   Orc:1 =   Orc:2 =(=:


Innate Abilities, Weirdness & Mutations

You are too large for most types of armour.
You have tough skin. (AC +1)
You have sharp toenails.
You have a somewhat thin skeletal structure. (Dex +2, Stealth+)


Message History

The blink frog hits you.
* * * LOW HITPOINT WARNING * * *
The blink frog is wracked by anguish.
Casting: Blink (safe; 1% risk of failure)
Confirm with . or Enter, or press ? or * to list all spells.
You blink.
The blink frog blinks!
Okay, then.
Casting: Blink (safe; 1% risk of failure)
Confirm with . or Enter, or press ? or * to list all spells.
Okay, then.
Unknown command.
Press: ? - help, v - describe, . - travel
Here: a blink frog (severely wounded, anguished)
The floor.
You closely miss the blink frog. Your kick misses the blink frog.
The blink frog is severely wounded.
The blink frog hits you.
* * * LOW HITPOINT WARNING * * *
The blink frog blinks!
The blink frog is wracked by anguish.
The blink frog blinks!
Press: ? - help, v - describe, . - travel The floor.
Unknown command.
Okay, then.
Press: ? - help, v - describe, . - travel
Here: a blink frog (almost dead, anguished)
The floor.
Aiming: Thunderbolt
Press: ? - help, Shift-Dir - straight line, f - blink frog
Aim: a blink frog (moderately wounded, anguished)
The thunderbolt hits the blink frog!
The blink frog is severely wounded.
The thunderbolt hits the blink frog!!
You kill the blink frog!
Okawaru accepts your kill. The blink frog hits you.
* * * LOW HITPOINT WARNING * * *
The blink frog blinks!
The blink frog is wracked by anguish.
The blink frog hits you!
You die...

#.........#
...##......:..#
..............#
.......!......# ##
.........†.†..###.##
....................
....F.§.§...#..##.# .
.#..FF........###.+#.
#..@§.....+#..##....
#.......#...^.##....
###.#.###...........
#.#### #.....##..⌠.
## #...⌠..#....
##.....#....
##.......⌠.
##........ #...⌠..>†


You could see 3 blink frogs.

Vanquished Creatures
  An orc warlord (Orc:2)
  An ettin (Orc:2)
  A catoblepas (Lair:2)
  A boulder beetle (D:11)
  2 two-headed ogres
  Urug (D:11)
  An orc high priest (Orc:2)
  Nergalle (Orc:1)
  Sonja (D:11)
  Lodul (D:11)
  The ghost of anet the Digger, a novice GrCj (D:8)
  3 orc knights
  3 orc sorcerers
  3 cyclopes
  2 merfolk sirens (Lair:2)
  11 elephants
  A black mamba (Lair:3)
  A gargoyle (D:11)
  A cane toad (Lair:2)
  A rime drake (Lair:3)
  7 komodo dragons
  2 trolls (Orc:2)
  A merfolk (Lair:2)
  3 polar bears
  14 blink frogs
  3 saltlings (Orc:2)
  A shadow (D:9)
  Sigmund (D:1)
  4 wyverns
  A wraith (D:9)
  3 basilisks
  33 yaks
  3 redbacks (Lair:2)
  4 vampire mosquitoes
  2 steam dragons (D:8)
  Grum (D:11)
  7 wargs
  6 water moccasins
  An acid dragon (D:11)
  15 orc warriors
  A black bear (Lair:3)
  13 ogres
  7 wolves
  3 centaurs
  2 kobold brigands
  16 bullfrogs
  A gnoll sergeant (D:11)
  A scorpion (D:6)
  4 killer bees (D:10)
  4 howler monkeys
  4 hounds
  Crazy Yiuf (D:2)
  6 jellies
  2 gnoll boudas
  10 orc priests
  4 sleepcaps
  2 iguanas
  17 orc wizards
  Ijyb (D:4)
  Terence (D:2)
  10 gnolls
  7 adders
  An ufetubus (D:5)
  A worm (D:3)
  3 dart slugs
  62 orcs
  7 bats
  4 endoplasms
  3 giant cockroaches
  4 goblins
  7 hobgoblins
  4 jackals
  5 quokkas
  7 ball pythons
  2 frilled lizards (D:3)
  7 kobolds
  5 rats
389 creatures vanquished.

Vanquished Creatures (collateral kills)
  A water moccasin (D:6)
  An adder (D:2)
  2 worms (D:2)
  2 ball pythons
  A bat (D:2)
  An endoplasm (D:1)
  A giant cockroach (D:2)
  A goblin (D:2)
  A quokka (D:2)
  A kobold (D:2)
12 creatures vanquished.

Vanquished Creatures (others)
  2 orc warlords (Orc:1)
  The ghost of anet the Fighter, a journeyman MiBe of Trog (Orc:2)
  An orc high priest (Orc:2)
  An orc knight (Orc:2)
  An orc sorcerer (Orc:2)
  An elephant (Lair:1)
  A black mamba (Lair:1)
  3 cane toads (Lair:2)
  A rime drake (Lair:3)
  7 trolls (Orc:2)
  A merfolk (Lair:2)
  6 blink frogs
  6 yaks
  A basilisk (Lair:2)
  A warg (Orc:2)
  3 water moccasins
  9 orc warriors
  2 ogres
  2 wolves (Lair:2)
  An electric eel (Lair:2)
  2 orc priests (Orc:2)
  6 orcs
59 creatures vanquished.

Grand Total: 460 creatures vanquished

Notes
Turn   | Place    | Note
-------+----------+-------------------------------------------
     0 | D:1      | Ignak the Ogre Hedge Wizard began the quest for the Orb.
     0 | D:1      | Reached XP level 1. HP: 16/16 MP: 5/5
    75 | D:1      | Reached skill level 1 in Conjurations
   118 | D:1      | Reached skill level 1 in Translocations
   164 | D:1      | Reached XP level 2. HP: 26/26 MP: 6/6
   167 | D:1      | Learned a level 2 spell: Blink
   170 | D:1      | Learned a level 2 spell: Call Imp
   331 | D:1      | Found Copurchu's Armour Shoppe.
   342 | D:1      | Reached skill level 1 in Fighting
   634 | D:1      | Reached XP level 3. HP: 30/33 MP: 8/8
   638 | D:1      | Learned a level 3 spell: Mephitic Cloud
   799 | D:2      | Noticed Sigmund
  1113 | D:2      | Reached skill level 1 in Maces & Flails
  1317 | D:2      | Noticed Terence
  1542 | D:2      | Killed Terence
  1543 | D:2      | Reached XP level 4. HP: 29/42 MP: 3/9
  1626 | D:2      | Reached skill level 2 in Fighting
  1723 | D:2      | Found a runed translucent door.
  1729 | D:2      | Noticed Crazy Yiuf
  1749 | D:2      | Killed Crazy Yiuf
  1750 | D:2      | Reached skill level 1 in Unarmed Combat
  1750 | D:2      | Reached XP level 5. HP: 45/49 MP: 5/10
  1929 | D:1      | Killed Sigmund
  1930 | D:1      | Reached skill level 3 in Fighting
  1930 | D:1      | Reached skill level 1 in Air Magic
  1930 | D:1      | Reached skill level 1 in Poison Magic
  1930 | D:1      | Reached XP level 6. HP: 61/61 MP: 8/12
  1991 | D:2      | Identified the +1 flail "Weeh" {holy, +Blink rC++ Int-2
                  | SInv}
  2444 | D:3      | Found a bloodstained altar of Trog.
  2539 | D:3      | Found Tis Vear's Magic Scroll Boutique.
  2542 | D:3      | Bought a scroll of identify for 22 gold pieces
  2542 | D:3      | Bought a scroll of teleportation for 33 gold pieces
  2542 | D:3      | Identified a scroll of acquirement
  2943 | D:3      | Acquired the +0 cloak of Submission {Contam Fly Dex+3}
  3039 | D:4      | Noticed Ijyb
  3334 | D:3      | Reached XP level 7. HP: 34/68 MP: 9/13
  3829 | D:4      | Killed Ijyb
  3830 | D:4      | Reached skill level 4 in Fighting
  4146 | D:5      | Entered Level 5 of the Dungeon
  4464 | D:5      | Found a basalt altar of Yredelemnul.
  4466 | D:5      | Found a staircase to the Ecumenical Temple.
  4487 | Temple   | Entered the Ecumenical Temple
  4994 | D:5      | Found a white marble altar of Elyvilon.
  5011 | D:5      | Found a glowing silver altar of Zin.
  5011 | D:5      | Found an iron altar of Okawaru.
  5146 | D:5      | Found a stormy altar of Qazlal.
  5148 | D:5      | Found a sacrificial altar of Ru.
  5448 | D:6      | Reached skill level 5 in Fighting
  5448 | D:6      | Reached XP level 8. HP: 56/80 MP: 11/15
  5518 | D:6      | Found Pimnukis's Weapon Boutique.
  5632 | D:6      | Found Huenk's Book Boutique.
  6080 | D:6      | Reached skill level 5 in Spellcasting
  6125 | D:6      | Reached skill level 6 in Fighting
  6562 | D:5      | Became a worshipper of Warmaster Okawaru
  6951 | D:7      | Reached skill level 1 in Invocations
  7228 | D:7      | Reached XP level 9. HP: 91/92 MP: 8/17
  7612 | D:7      | Reached skill level 7 in Fighting
  7897 | D:8      | Reached skill level 5 in Maces & Flails
  7937 | D:8      | Found a runed translucent gate.
  7938 | D:8      | Found a runed translucent gate.
  7940 | D:8      | Found a runed translucent gate.
  7940 | D:8      | Noticed anet's ghost (novice GrCj)
  7951 | D:8      | Reached * piety under Okawaru
  7973 | D:8      | Reached skill level 8 in Fighting
  8089 | D:8      | Learned a level 2 spell: Passwall
  8093 | D:8      | Learned a level 3 spell: Stone Arrow
  8699 | D:8      | Noticed a komodo dragon
  8744 | D:8      | Killed a komodo dragon
  8744 | D:8      | Reached ** piety under Okawaru
  8745 | D:8      | Reached skill level 1 in Earth Magic
  8745 | D:8      | Reached XP level 10. HP: 99/106 MP: 12/19
  8811 | D:8      | Learned a level 4 spell: Anguish
  8817 | D:8      | Found a staircase to the Lair.
  8845 | D:8      | Reached skill level 9 in Fighting
  8845 | D:8      | Reached skill level 1 in Hexes
  8845 | D:8      | Reached skill level 1 in Necromancy
  9115 | D:8      | Killed anet's ghost
  9115 | D:8      | Reached *** piety under Okawaru
  9339 | D:9      | Reached skill level 5 in Dodging
  9388 | D:9      | Found an opulent altar of Gozag.
  9396 | D:9      | Found a broken altar of Ashenzari.
  9401 | D:9      | Found a hazy altar of Hepliaklqana.
  9849 | D:9      | Reached **** piety under Okawaru
 10028 | D:10     | Entered Level 10 of the Dungeon
 10051 | D:10     | Noticed a cyclops
 10271 | D:10     | Killed a cyclops
 10273 | D:10     | Reached XP level 11. HP: 83/117 MP: 19/21
 10701 | D:10     | You are sucked into a shaft and drop 1 floor!
 10731 | D:11     | Reached skill level 10 in Fighting
 10813 | D:11     | Noticed an angel
 10815 | D:11     | Found Aseedib's Hallowed Reliquary.
 10847 | D:11     | Noticed Urug
 10850 | D:11     | Noticed Lodul
 10853 | D:11     | Noticed Grum
 10890 | D:11     | Killed Grum
 11047 | D:10     | Found an ancient bone altar of Kikubaaqudgha.
 11077 | D:10     | Noticed a cyclops
 11090 | D:10     | Killed a cyclops
 11137 | D:10     | Found a blossoming altar of Fedhas.
 11307 | D:10     | Reached ***** piety under Okawaru
 12186 | D:11     | Bought a potion of curing for 54 gold pieces
 12186 | D:11     | Bought a potion of curing for 54 gold pieces
 12232 | D:11     | Noticed Sonja
 12236 | D:11     | Killed Lodul
 12236 | D:11     | Received a gift from Okawaru
 12567 | D:11     | Killed Sonja
 12765 | D:11     | Killed Urug
 13089 | D:11     | Found a staircase to the Orcish Mines.
 13184 | D:11     | Noticed a boulder beetle
 13193 | D:11     | Reached skill level 11 in Fighting
 13193 | D:11     | Reached skill level 5 in Invocations
 13220 | D:11     | Killed a boulder beetle
 13221 | D:11     | Reached XP level 12. HP: 74/130 MP: 9/23
 13244 | D:11     | Noticed a two-headed ogre
 13397 | D:11     | Killed a two-headed ogre
 13564 | Orc:1    | Entered Level 1 of the Orcish Mines
 13605 | Orc:1    | Gained mutation: You have sharp toenails. [potion of
                  | mutation]
 13605 | Orc:1    | Gained mutation: You have a somewhat thin skeletal
                  | structure. (Dex +2, Stealth+) [potion of mutation]
 13653 | Orc:2    | Entered Level 2 of the Orcish Mines
 13661 | Orc:2    | Found an iron altar of Okawaru.
 13684 | Orc:1    | Learned a level 4 spell: Sticky Flame
 13971 | Orc:2    | Found a runed translucent gate.
 13984 | Orc:1    | Noticed Nergalle
 14139 | Orc:1    | Killed Nergalle
 14483 | Orc:2    | Found a runed translucent gate.
 14483 | Orc:2    | Found an opulent altar of Gozag.
 14484 | Orc:2    | Found a runed translucent gate.
 14485 | Orc:2    | Noticed anet's ghost (journeyman MiBe)
 14669 | Orc:2    | Noticed an orc high priest
 14680 | Orc:2    | Reached skill level 1 in Fire Magic
 14914 | Orc:2    | Killed an orc high priest
 14918 | Orc:2    | Reached skill level 5 in Necromancy
 15064 | Orc:2    | Found a staircase to the Elven Halls.
 15096 | Orc:2    | Reached skill level 1 in Armour
 15096 | Orc:2    | Reached skill level 5 in Hexes
 15131 | Orc:2    | Received a gift from Okawaru
 15228 | Orc:2    | Noticed an ettin
 15244 | Orc:2    | Killed an ettin
 15263 | Orc:2    | Found Gyisk's Jewellery Shoppe.
 15269 | Orc:2    | Reached skill level 5 in Conjurations
 15350 | Orc:2    | Bought the ring "Jerude" {Wiz rC+} for 440 gold pieces
 15403 | Orc:2    | Noticed a two-headed ogre
 15404 | Orc:2    | Found Puotaump's Jewellery Shoppe.
 15404 | Orc:2    | Noticed an orc warlord
 15404 | Orc:2    | Noticed an orc high priest
 15414 | Orc:2    | Killed a two-headed ogre
 15690 | Orc:2    | Killed an orc warlord
 15691 | Orc:2    | Reached skill level 12 in Fighting
 16276 | Orc:2    | Reached XP level 13. HP: 25/140 MP: 4/25
 16276 | Orc:2    | Noticed an orc warlord
 16486 | Orc:1    | Killed an orc warlord
 16613 | Orc:1    | Noticed an orc warlord
 17047 | Orc:1    | Killed an orc warlord
 17231 | Orc:2    | Found Temez's Weapon Shoppe.
 17257 | Orc:2    | Found Bodufoug's Book Boutique.
 17622 | Orc:2    | Killed anet's ghost
 17925 | Lair:1   | Entered Level 1 of the Lair of Beasts
 18235 | Orc:1    | Paralysed by an orc sorcerer for 3 turns
 18405 | Orc:1    | Found Laucil's Jewellery Shop.
 18419 | Orc:1    | Bought a +4 ring of protection for 540 gold pieces
 19675 | Lair:1   | Reached skill level 13 in Fighting
 20259 | Lair:2   | Received a gift from Okawaru
 20628 | Lair:2   | Reached skill level 5 in Fire Magic
 20661 | Lair:2   | Reached XP level 14. HP: 49/153 MP: 9/26
 20879 | Lair:2   | Found a hole to the Spider Nest.
 21194 | Lair:2   | Received a gift from Okawaru
 21564 | Lair:2   | Found a staircase to the Shoals.
 22422 | Lair:3   | Reached ****** piety under Okawaru
 22444 | Lair:3   | Reached skill level 10 in Maces & Flails
 22512 | Lair:3   | Reached skill level 1 in Shields
 22519 | Lair:3   | Slain by a blink frog

Illustrated notes

Levels and vault maps discovered:
D:1:      lightli_arrival_statuegarden, layout_basic, serial_shops, shop
D:2:      layout_basic, nicolae_titane, uniq_sigmund, uniq_terence,
          uniq_crazy_yiuf_cottage
D:3:      layout_loops_ring, mainiacjoe_overflow_catwalk, serial_shops,
          nicolae_shop_rolled_up
D:4:      layout_rooms, uniq_ijyb
D:5:      layout_basic, nicolae_overflow_hidden_temple,
          mainiacjoe_overflow_tiny_flanked,
          minmay_temple_entry_drinking_statues, kennysheep_windowed_goal
D:6:      layout_cave_pods, serial_shops, nicolae_inconvenience_store,
          nicolae_take_the_stairs, minmay_starry_boxes
D:7:      layout_gridville
D:8:      layout_gridville, erik_lair_dragon, ebering_ghost_rock_garden,
          serial_bayou_crossing
D:9:      layout_gridville, minmay_overflow_temple_star_quad,
          hellmonk_bongcloud_opening
D:10:     layout_cross, fedhas_altar_1, mainiacjoe_overflow_six_doors_small,
          nicolae_elevator_lobby_plus
D:11:     layout_rooms, david_orc_1_choice, nicolae_good_shop, uniq_sonja,
          uniq_grum, uniq_urug, uniq_lodul
Temple:   cyrus_temple_forest
Lair:1:   layout_cave_pods
Lair:2:   layout_misc_corridors, elwin_shoals_entry_stream,
          spider_nest_entry_webs, grunt_megastairs_2, serial_bayou_shore_a
Lair:3:   layout_roguey, grunt_megastairs_3
Orc:1:    layout_diamond_mine, serial_shops, shop, basic_altar, uniq_nergalle
Orc:2:    hellmonk_orc_salted, layout_diamond_mine, ebering_ghost_gozag,
          okawaru_metal_pillars_1_2

Skill      XL: |  1  2  3  4  5  6  7  8  9 10 11 12 13 14 |
---------------+-------------------------------------------+-----
Conjurations   | 1 2 3 4 5 6 |  6.2
Translocations | 1 2 3 |  3.0
Dodging        | 2 3 4 5 6 7 |  7.2
Fighting       | 1 2 3 5 6 8 9 11 12 13 | 13.9
Maces & Flails | 1 2 3 4 6 7 8 9 10 | 10.0
Unarmed Combat | 1 |  1.0
Spellcasting   | 4 5 6 7 8 9 |  9.0
Air Magic      | 1 2 |  2.0
Poison Magic   | 1 2 |  2.0
Invocations    | 1 3 4 5 6 7 |  7.1
Earth Magic    | 1 2 3 4 |  4.0
Hexes          | 2 4 5 6 |  6.0
Necromancy     | 2 4 5 6 |  6.0
Fire Magic     | 3 5 |  5.8
Armour         | 1 3 |  3.6
Shields        | 1 |  1.1
Stealth        | |  1.4
Summonings     | |  0.8

Action                     |  1- 3 |  4- 6 |  7- 9 | 10-12 | 13-15 || total
---------------------------+-------+-------+-------+-------+-------++-------
  Melee: Unarmed           |    22 |       |       |       |       ||    22
         Dagger            |     1 |       |       |       |       ||     1
         Flail             |   103 |    13 |       |    58 |   191 ||   365
         Mace              |       |    91 |   335 |   614 |    61 ||  1101
         Punch             |       |       |     4 |    20 |     5 ||    29
         Kick              |       |       |       |    79 |   199 ||   278
         Great mace        |       |       |       |     2 |   272 ||   274
  Throw: Javelin           |     7 |       |       |       |       ||     7
         Dart              |     2 |     4 |     5 |       |       ||    11
         Large rock        |       |       |       |    23 |     2 ||    25
   Cast: Call Imp          |     7 |     5 |     5 |       |       ||    17
         Mephitic Cloud    |     3 |     3 |    19 |    58 |    18 ||   101
         Blink             |     2 |     1 |     6 |    19 |    27 ||    55
         Stone Arrow       |       |       |       |    21 |       ||    21
         Anguish           |       |       |       |    33 |   105 ||   138
         Sticky Flame      |       |       |       |     4 |    13 ||    17
         Passwall          |       |       |       |       |     3 ||     3
 Invoke: Heroism           |       |       |     2 |     7 |     3 ||    12
  Evoke: Wand              |       |       |     6 |     2 |       ||     8
         Lightning rod     |       |       |       |     3 |     1 ||     4
    Use: Scroll            |       |     4 |     8 |     8 |     2 ||    22
         Potion            |       |     1 |       |     9 |     1 ||    11
   Stab: Confused          |       |     2 |    12 |    30 |     8 ||    52
         Sleeping          |       |     1 |       |     1 |     2 ||     4
 Armour: Robe              |    88 |    32 |    67 |       |       ||   187
         Steam dragon scal |       |       |    27 |   153 |       ||   180
         Troll leather arm |       |       |       |    24 |   304 ||   328
  Dodge: Dodged            |    91 |    65 |   187 |   406 |   500 ||  1249

Table legend: (Time is in decaauts)
 A = Elapsed time spent in this place.
 B = Non-inter-level travel time spent in this place.
 C = Inter-level travel time spent in this place.
 D = Time resting spent in this place.
 E = Time spent auto-exploring this place.
 F = Levels seen in this place.
 G = Mean time per level.
                   A        B        C        D        E       F      G
               +--------+--------+--------+--------+--------+-----+--------+
         Total |  22891 |  21522 |   1369 |   4314 |   8943 |  17 | 1346.5 |
       Dungeon |  14443 |  13250 |   1193 |   2673 |   5914 |  11 | 1313.0 |
        Temple |     87 |     87 |      0 |      0 |      0 |   1 |   87.0 |
          Lair |   3838 |   3777 |     61 |    421 |   2000 |   3 | 1279.3 |
  Orcish Mines |   4521 |   4407 |    114 |   1220 |   1029 |   2 | 2260.5 |
               +--------+--------+--------+--------+--------+-----+--------+

Top non-repeatable levels by time:
   Orc:2: 2990 daAuts
    D:11: 1877 daAuts
    D:10: 1745 daAuts
     D:8: 1700 daAuts
   Orc:1: 1531 daAuts
     D:3: 1514 daAuts
  Lair:1: 1494 daAuts
  Lair:2: 1452 daAuts
     D:9: 1339 daAuts
     D:5: 1304 daAuts
     D:2: 1294 daAuts
     D:6: 1097 daAuts
     D:7: 1076 daAuts
     D:1: 960 daAuts
  Lair:3: 891 daAuts
